General information
- name: BNet
- type: Ladder team game (AT/RT)
- host: Battle.net
- saver: ITS_FRIDAY
map: Cherryville
- players: 8
- length: 26:24
- speed: Fast
- version: 1.26 W3XP
- replay type: Public
» download(169 KB)
Players
team 1 (loser)

»
TheSithLorD (
blue | 60 APM | 793 actions | 13:12)
2 Blademaster
1 Wind Walk
1 Critical Strike
» actions
| Basic commands | 2 | |
| Build / train | 40 | |
| Enter build submenu | 21 | |
| Enter hero's abilities submenu | 2 | |
| Right click | 431 | |
| Select / deselect | 261 | |
| Use ability | 36 | |
793 total
» units
| Peon | 19 | |
| Grunt | 5 | |
| Wind Rider | 5 | |
| Demolisher | 2 | |
31 total
» upgrades
| Ranged Weapons | 1 | |
| Armor | 1 | |
| Envenomed Spears | 1 | |
3 total
» buildings
| Altar of Storms | 1 | |
| Orc Burrow | 5 | |
| Barracks | 1 | |
| War Mill | 1 | |
| Voodoo Lounge | 1 | |
| Stronghold | 1 | |
| Great Hall | 1 | |
| Beastiary | 2 | |
| Watch Tower | 8 | |
| Fortress | 1 | |
22 total
» build order
00:30 Altar of Storms
00:34 Orc Burrow
00:38 Barracks
01:29 War Mill
01:55 Orc Burrow
02:23 Voodoo Lounge
03:08 Stronghold
04:09 Orc Burrow
05:20 Great Hall
05:44 Beastiary
05:49 Beastiary
06:12 Watch Tower
06:29 Watch Tower
06:37 Watch Tower
06:59 Fortress
08:04 Watch Tower
08:11 Watch Tower
08:26 Watch Tower
09:01 Watch Tower
09:15 Watch Tower
11:36 Orc Burrow
11:40 Orc Burrow
» items
imaPeon (
green | 23 APM | 579 actions | 24:39)
4 Pit Lord
2 Rain of Fire
2 Howl of Terror
» actions
| Build / train | 62 | |
| Enter build submenu | 24 | |
| Enter hero's abilities submenu | 4 | |
| Remove unit from queue | 1 | |
| Right click | 192 | |
| Select / deselect | 243 | |
| Use ability | 53 | |
579 total
» units
| Peasant | 12 | |
| Mortar Team | 13 | |
| Priest | 9 | |
| Sorceress | 6 | |
40 total
» upgrades
| Masonry | 1 | |
| Lumber Harvesting | 1 | |
| Gunpowder | 3 | |
| Armor | 2 | |
| Priest Training | 2 | |
| Fragmentation Shards | 1 | |
| Flare | 1 | |
11 total
» buildings
| Altar of Kings | 1 | |
| Scout Tower | 1 | |
| Farm | 14 | |
| Arcane Tower | 1 | |
| Lumber Mill | 1 | |
| Keep | 1 | |
| Blacksmith | 1 | |
| Castle | 1 | |
| Arcane Sanctum | 2 | |
| Workshop | 2 | |
| Arcane Vault | 1 | |
26 total
» build order
00:10 Altar of Kings
00:17 Scout Tower
00:23 Farm
00:51 Arcane Tower
01:17 Farm
02:00 Farm
02:51 Farm
03:00 Lumber Mill
03:10 Keep
03:32 Farm
03:37 Blacksmith
04:14 Farm
04:57 Farm
05:32 Castle
05:42 Arcane Sanctum
05:50 Workshop
06:13 Arcane Vault
07:02 Workshop
07:20 Arcane Sanctum
08:59 Farm
17:00 Farm
17:02 Farm
17:05 Farm
17:07 Farm
17:45 Farm
17:47 Farm
» items
| Potion of Healing | 1 | |
| Scroll of Town Portal | 1 | |
2 total

»
TheDayDreamer (
yellow | 35 APM | 917 actions | 26:24)
5 Far Seer
3 Feral Spirit
2 Chain Lighting
1 Blademaster
1 Wind Walk
» actions
| Assign group hotkey | 13 | |
| Build / train | 55 | |
| Enter build submenu | 16 | |
| Enter hero's abilities submenu | 7 | |
| Remove unit from queue | 3 | |
| Right click | 299 | |
| Select / deselect | 230 | |
| Select group hotkey | 244 | |
| Use ability | 50 | |
917 total
» units
| Peon | 20 | |
| Grunt | 3 | |
| Tauren | 2 | |
| Troll Witch Doctor | 2 | |
| Shaman | 2 | |
29 total
» upgrades
| Melee Weapons | 3 | |
| Shaman Training | 2 | |
| Witch Doctor Training | 2 | |
| Armor | 2 | |
| Pulverize | 1 | |
10 total
» buildings
| Altar of Storms | 1 | |
| Orc Burrow | 6 | |
| Barracks | 1 | |
| Stronghold | 1 | |
| War Mill | 1 | |
| Great Hall | 1 | |
| Voodoo Lounge | 1 | |
| Spirit Lodge | 2 | |
| Fortress | 1 | |
| Watch Tower | 4 | |
| Tauren Totem | 2 | |
21 total
» build order
00:22 Altar of Storms
00:36 Orc Burrow
00:52 Barracks
01:38 Orc Burrow
03:13 Stronghold
03:16 Orc Burrow
03:21 War Mill
04:45 Great Hall
05:23 Voodoo Lounge
06:38 Spirit Lodge
06:43 Spirit Lodge
06:45 Fortress
06:50 Orc Burrow
08:17 Watch Tower
08:17 Watch Tower
08:23 Watch Tower
08:24 Watch Tower
10:59 Tauren Totem
11:05 Tauren Totem
11:14 Orc Burrow
11:15 Orc Burrow
» items
| Healing Salve | 2 | |
| Lesser Clarity Potion | 1 | |
| Scroll of Town Portal | 1 | |
4 total

»
ITS_FRIDAY (
pink | 73 APM | 1941 actions | 26:24)
5 Warden
3 Shadow Strike
2 Blink
4 Pandaren Brewmaster
2 Breath of Fire
2 Drunken Haze
1 Blademaster
1 Critical Strike
» actions
| Assign group hotkey | 67 | |
| Basic commands | 101 | |
| Build / train | 96 | |
| ESC pressed | 6 | |
| Enter build submenu | 25 | |
| Enter hero's abilities submenu | 11 | |
| Give item / drop item | 1 | |
| Right click | 700 | |
| Select / deselect | 439 | |
| Select group hotkey | 390 | |
| Use ability | 105 | |
1941 total
» units
| Wisp | 35 | |
| Archer | 4 | |
| Huntress | 2 | |
| Dryad | 12 | |
| Druid of the Claw | 5 | |
58 total
» upgrades
| Ultravision | 1 | |
| Strength of the Wild | 3 | |
| Abolish Magic | 1 | |
| Druid of the Claw Training | 2 | |
| Reinforced Hides | 3 | |
| Mark of the Claw | 1 | |
| Well Spring | 1 | |
12 total
» buildings
| Altar of Elders | 1 | |
| Moon Well | 6 | |
| Ancient of War | 1 | |
| Ancient of Wonders | 1 | |
| Hunter's Hall | 1 | |
| Tree of Ages | 1 | |
| Ancient Protector | 6 | |
| Ancient of Lore | 2 | |
| Tree of Life | 4 | |
| Tree of Eternity | 1 | |
24 total
» build order
00:08 Altar of Elders
00:14 Moon Well
00:18 Ancient of War
01:28 Moon Well
02:07 Ancient of Wonders
03:05 Moon Well
03:46 Hunter's Hall
04:23 Tree of Ages
05:06 Ancient Protector
06:47 Ancient of Lore
06:52 Ancient of Lore
07:00 Moon Well
10:08 Tree of Life
10:20 Tree of Eternity
16:28 Moon Well
16:31 Moon Well
19:29 Ancient Protector
19:32 Ancient Protector
19:45 Ancient Protector
19:49 Ancient Protector
20:08 Ancient Protector
21:29 Tree of Life
21:33 Tree of Life
21:40 Tree of Life
» items
| Dust of Appearance | 1 | |
| Scroll of Town Portal | 2 | |
| Potion of Healing | 4 | |
| Staff of Sanctuary | 1 | |
| Staff of Preservation | 1 | |
| Boots of Speed | 1 | |
| Potion of Lesser Invulnerability | 1 | |
| Orb of Venom | 1 | |
12 total
team 2 (winner)

»
COOLMIKE162 (
purple | 83 APM | 870 actions | 10:30)
4 Keeper of the Grove
2 Entangling Roots
2 Thorns Aura
» actions
| Assign group hotkey | 29 | |
| Basic commands | 1 | |
| Build / train | 25 | |
| Enter build submenu | 12 | |
| Enter hero's abilities submenu | 4 | |
| Remove unit from queue | 1 | |
| Right click | 386 | |
| Select / deselect | 185 | |
| Select group hotkey | 203 | |
| Use ability | 24 | |
870 total
» units
» buildings
| Altar of Elders | 1 | |
| Moon Well | 5 | |
| Hunter's Hall | 1 | |
| Ancient of War | 2 | |
| Tree of Ages | 1 | |
| Tree of Life | 1 | |
| Tree of Eternity | 2 | |
| Ancient of Wind | 1 | |
14 total
» build order
00:07 Altar of Elders
00:21 Moon Well
01:40 Hunter's Hall
01:47 Ancient of War
02:04 Ancient of War
02:17 Moon Well
02:35 Moon Well
04:38 Moon Well
06:40 Tree of Ages
07:49 Tree of Life
08:00 Moon Well
10:11 Tree of Eternity
10:14 Ancient of Wind
» items
wiifuk (
orange | 101 APM | 2658 actions | 26:24)
7 Death Knight
3 Death Coil
3 Unholy Aura
1 Animate Dead
4 Dreadlord
2 Vampiric Aura
2 Sleep
1 Keeper of the Grove
1 Thorns Aura
» actions
| Assign group hotkey | 83 | |
| Build / train | 86 | |
| Enter build submenu | 23 | |
| Enter hero's abilities submenu | 12 | |
| Give item / drop item | 2 | |
| Remove unit from queue | 1 | |
| Right click | 862 | |
| Select / deselect | 458 | |
| Select group hotkey | 1005 | |
| Use ability | 126 | |
2658 total
» units
| Acolyte | 9 | |
| Ghoul | 4 | |
| Crypt Fiend | 9 | |
| Obsidian Statue | 2 | |
| Frost Wyrm | 4 | |
| Huntress | 2 | |
| Abomination | 2 | |
| Glaive Thrower | 2 | |
34 total
» upgrades
| Creature Attack | 3 | |
| Creature Carapace | 3 | |
| Web | 1 | |
| Strength of the Wild | 2 | |
| Reinforced Hides | 3 | |
| Freezing Breath | 1 | |
| Upgrade Moon Glaive | 1 | |
| Vorpal Blades | 1 | |
| Unholy Strength | 1 | |
16 total
» buildings
| Ziggurat | 8 | |
| Crypt | 2 | |
| Altar of Darkness | 1 | |
| Graveyard | 1 | |
| Tomb of Relics | 1 | |
| Nerubian Tower | 2 | |
| Halls of the Dead | 1 | |
| Necropolis | 1 | |
| Black Citadel | 1 | |
| Slaughterhouse | 1 | |
| Sacrificial Pit | 1 | |
| Boneyard | 4 | |
24 total
» build order
00:50 Ziggurat
00:53 Crypt
01:03 Crypt
01:09 Altar of Darkness
01:23 Graveyard
01:40 Tomb of Relics
01:46 Ziggurat
01:51 Nerubian Tower
04:53 Ziggurat
05:05 Halls of the Dead
06:06 Necropolis
06:08 Ziggurat
07:51 Black Citadel
08:13 Nerubian Tower
08:16 Slaughterhouse
08:20 Ziggurat
09:16 Sacrificial Pit
10:53 Boneyard
10:58 Boneyard
11:00 Ziggurat
14:06 Ziggurat
22:03 Boneyard
22:05 Boneyard
22:06 Ziggurat
» items
| Rod of Necromancy | 3 | |
| Potion of Healing | 4 | |
| Scroll of Town Portal | 8 | |
| Potion of Mana | 1 | |
| Orb of Corruption | 2 | |
18 total
SirDebil (
red | 43 APM | 1133 actions | 26:24)
5 Tauren Chieftain
2 Shockwave
3 Endurance Aura
5 Pit Lord
3 Rain of Fire
2 Cleaving Attack
» actions
| Basic commands | 83 | |
| Build / train | 80 | |
| Enter build submenu | 15 | |
| Enter hero's abilities submenu | 11 | |
| Right click | 589 | |
| Select / deselect | 323 | |
| Use ability | 32 | |
1133 total
» units
| Peon | 17 | |
| Grunt | 19 | |
| Troll Headhunter/Berserker | 3 | |
| Raider | 13 | |
| Demolisher | 3 | |
55 total
» upgrades
| Spiked Barricades | 1 | |
| Pillage | 1 | |
| Melee Weapons | 2 | |
| Armor | 2 | |
| Berserker Strength | 1 | |
| Troll Regeneration | 1 | |
| Ranged Weapons | 1 | |
| Ensnare | 1 | |
| Backpack | 1 | |
11 total
» buildings
| War Mill | 1 | |
| Barracks | 2 | |
| Orc Burrow | 7 | |
| Altar of Storms | 1 | |
| Stronghold | 1 | |
| Great Hall | 1 | |
| Voodoo Lounge | 1 | |
| Beastiary | 2 | |
16 total
» build order
00:10 War Mill
00:14 Barracks
01:03 Orc Burrow
01:21 Altar of Storms
02:11 Orc Burrow
02:44 Barracks
03:44 Stronghold
04:44 Orc Burrow
06:29 Great Hall
07:53 Orc Burrow
08:17 Orc Burrow
08:38 Orc Burrow
10:36 Voodoo Lounge
11:25 Beastiary
11:26 Beastiary
18:11 Orc Burrow
» items

»
Sophie (
teal | 47 APM | 1240 actions | 26:24)
6 Death Knight
3 Death Coil
2 Unholy Aura
1 Animate Dead
4 Lich
2 Frost Nova
2 Dark Ritual
» actions
| Assign group hotkey | 229 | |
| Basic commands | 88 | |
| Build / train | 71 | |
| ESC pressed | 1 | |
| Enter build submenu | 22 | |
| Enter hero's abilities submenu | 10 | |
| Give item / drop item | 3 | |
| Remove unit from queue | 1 | |
| Right click | 241 | |
| Select / deselect | 162 | |
| Select group hotkey | 260 | |
| Use ability | 152 | |
1240 total
» units
| Acolyte | 8 | |
| Ghoul | 3 | |
| Crypt Fiend | 3 | |
| Obsidian Statue | 9 | |
| Wisp | 1 | |
24 total
» upgrades
| Creature Attack | 3 | |
| Burrow | 1 | |
| Destroyer Form | 1 | |
| Creature Carapace | 2 | |
| Sentinel | 1 | |
8 total
» buildings
| Ziggurat | 11 | |
| Crypt | 1 | |
| Altar of Darkness | 1 | |
| Tomb of Relics | 1 | |
| Nerubian Tower | 3 | |
| Graveyard | 1 | |
| Halls of the Dead | 3 | |
| Spirit Tower | 5 | |
| Slaughterhouse | 2 | |
| Black Citadel | 1 | |
| Necropolis | 1 | |
| Tree of Life | 1 | |
31 total
» build order
00:13 Ziggurat
00:19 Crypt
00:46 Altar of Darkness
01:09 Tomb of Relics
01:17 Nerubian Tower
01:47 Ziggurat
02:09 Graveyard
03:24 Halls of the Dead
03:29 Ziggurat
04:18 Halls of the Dead
04:21 Ziggurat
04:38 Spirit Tower
05:18 Spirit Tower
05:24 Nerubian Tower
06:41 Slaughterhouse
06:44 Slaughterhouse
09:02 Ziggurat
11:31 Black Citadel
11:34 Spirit Tower
11:35 Ziggurat
11:37 Ziggurat
12:29 Nerubian Tower
12:31 Spirit Tower
21:59 Necropolis
22:05 Ziggurat
22:05 Ziggurat
22:07 Ziggurat
22:08 Ziggurat
23:09 Spirit Tower
23:25 Tree of Life
26:11 Halls of the Dead
» items
| Rod of Necromancy | 1 | |
| Dust of Appearance | 2 | |
| Sacrificial Skull | 1 | |
| Scroll of Town Portal | 3 | |
| Potion of Healing | 4 | |
| Scroll of Healing | 2 | |
| Orb of Corruption | 1 | |
14 total
Chat log
(00:08 / Allies) TheDayDreamer: tauren shamman
(00:08 / All) Sophie: Lets be friends!
(00:11 / All) Sophie: Im a girl :)
(00:17 / Allies) TheSithLorD: wyvs bats
(00:22 / All) ITS_FRIDAY: hey coolmike you still in GGL/
(00:24 / All) ITS_FRIDAY: ?
(00:24 / Allies) TheSithLorD: help me clear that
(00:28 / All) COOLMIKE162: indeed
(00:33 / All) ITS_FRIDAY: crazy
(00:44 / All) COOLMIKE162: whys that/
(01:00 / All) ITS_FRIDAY: nothin, just never thought I'd play with you lol
(01:08 / Allies) TheSithLorD: units?
(01:08 / All) COOLMIKE162: haha
(01:13 / Allies) TheDayDreamer: tauren shamman
(01:29 / All) Sophie: purp will you be my e-bf?
(01:32 / All) Sophie: im a girl :)
(01:45 / All) imaPeon: ur a guy
(02:25 / All) Sophie: sorry cutie green, I dont date coloured people
(02:45 / All) imaPeon: im white
(02:50 / All) Sophie: sure
(03:03 / All) imaPeon: fine im green
(03:24 / All) imaPeon: ur most likely jailbait n e way
(05:51 / Allies) TheSithLorD: wood me
(05:51 / Allies) TheSithLorD: 300
(06:00 / Allies) TheDayDreamer: wtf..
(06:00 / Allies) ITS_FRIDAY: don't follow me
(06:03 / Allies) TheSithLorD: stop
(06:05 / Allies) TheSithLorD: jsu leave him
(06:16 / Allies) TheSithLorD: wood
(06:16 / Allies) TheSithLorD: man
(07:05 / All) Sophie: \
(07:12 / Allies) TheSithLorD: hlep
(07:13 / Allies) ITS_FRIDAY: guess you'll have to make untis
(07:55 / Allies) TheSithLorD: wood me
(07:56 / Allies) TheSithLorD: 300
(08:15 / Allies) TheSithLorD: wood and gold plz
(08:27 / Allies) TheSithLorD: tp
(08:28 / Allies) TheSithLorD: tp
(08:29 / Allies) TheSithLorD: tp
(08:29 / Allies) TheSithLorD: yelow
(08:55 / Allies) TheSithLorD: ty yelow
(09:03 / Allies) TheDayDreamer: see you were fine.
(09:06 / Allies) TheSithLorD: no
(09:12 / Allies) TheDayDreamer: ya hes gone..
(09:17 / Allies) TheSithLorD: hes gonna comeback
(09:22 / Allies) ITS_FRIDAY: yeah dude for a sith lord you worry too much
(09:23 / Allies) TheDayDreamer: ill be there
(09:33 / Allies) TheSithLorD: wtf man
(09:36 / Allies) TheSithLorD: u dumb bitch
(09:42 / Allies) TheDayDreamer: pink tp
(09:47 / Allies) ITS_FRIDAY: goin to green
(09:48 / Allies) ITS_FRIDAY: he needs help
(10:36 / Allies) TheSithLorD: dk
(10:36 / Allies) TheSithLorD: dk
(10:36 / Allies) TheSithLorD: dk
(10:37 / Allies) TheSithLorD: dk
(10:37 / All) Sophie: lolwut
(10:37 / Allies) TheSithLorD: dk
(10:38 / Allies) TheSithLorD: dk
(10:38 / Allies) TheSithLorD: ,an
(10:39 / Allies) TheSithLorD: dk
(10:49 / Allies) TheSithLorD: go hiy nmow
(12:00 / Allies) TheDayDreamer: wood plz
(12:29 / Allies) TheDayDreamer: wood please
(12:31 / All) ITS_FRIDAY: wonder why he left
(12:38 / Allies) TheDayDreamer: ty
(13:01 / Allies) TheDayDreamer: b
(13:04 / Allies) TheDayDreamer: green out
(13:08 / Allies) TheDayDreamer: wow
(13:13 / Allies) ITS_FRIDAY: yellow spend your money man
(13:16 / All) ITS_FRIDAY: he was so bad
(13:22 / Allies) TheDayDreamer: i am..
(13:29 / Allies) TheDayDreamer: i have no wood though!
(13:30 / Allies) ITS_FRIDAY: not at 3k you're not
(13:36 / All) Sophie: he said "red make a shop" then left
(13:37 / Allies) ITS_FRIDAY: get a shredder
(13:52 / Allies) TheDayDreamer: well were being attacked sooooo kinda hard..
(13:59 / Allies) ITS_FRIDAY: not that hard.
(14:26 / All) ITS_FRIDAY: well
(14:27 / All) ITS_FRIDAY: This is game
(14:31 / Allies) TheDayDreamer: ill come to ur base
(14:31 / Allies) TheDayDreamer: no
(14:31 / All) Sophie: gg pies
(14:34 / All) Sophie: lame game
(14:34 / Allies) TheDayDreamer: keep making units
(14:36 / Allies) TheDayDreamer: ill come to u
(14:40 / Allies) ITS_FRIDAY: k fine
(14:49 / Allies) ITS_FRIDAY: y
(14:55 / All) wiifuk: i am the top
(14:59 / Allies) ITS_FRIDAY: give green some gold too
(15:05 / All) Sophie: grats?
(15:14 / All) wiifuk: don't have to
(15:24 / All) Sophie: you TPed cause your hero was dying right after I coiled you
(16:02 / All) Sophie: no freezing breath
(17:26 / Allies) TheDayDreamer: green come to pink
(18:03 / Allies) imaPeon: illl tp
(18:07 / Allies) imaPeon: if they hit pink
(18:14 / Allies) TheDayDreamer: all tp to pink
(18:15 / Allies) TheDayDreamer: gogogo
(18:23 / Allies) TheDayDreamer: or just come to pink
(18:29 / Allies) TheDayDreamer: ya just stay at pink
(18:59 / Allies) TheDayDreamer: tower up
(19:54 / Allies) TheDayDreamer: b
(19:59 / Allies) TheDayDreamer: back
(20:08 / Allies) TheDayDreamer: gogoogogogo
(20:58 / Allies) TheDayDreamer: wow we owned
(21:01 / Allies) TheDayDreamer: counter asap
(21:02 / Allies) ITS_FRIDAY: counter
(21:04 / Allies) imaPeon: how lol
(21:11 / Allies) TheDayDreamer: i have no idea
(21:17 / Allies) TheDayDreamer: i got wards that was really usful
(21:40 / Allies) imaPeon: babhahaha if we win ima luagh
(21:47 / Allies) TheDayDreamer: i know same
(22:01 / Allies) TheDayDreamer: green get main
(22:44 / Allies) TheDayDreamer: back pink
(22:50 / Allies) TheDayDreamer: PINK BACK
(22:53 / Allies) TheDayDreamer: come all
(23:11 / Allies) TheDayDreamer: go
(23:27 / Allies) TheDayDreamer: gog
(24:05 / Allies) ITS_FRIDAY: out
(24:06 / Allies) ITS_FRIDAY: get out
(24:13 / Allies) TheDayDreamer: its over no
(24:15 / Allies) TheDayDreamer: now
(24:17 / Allies) imaPeon: yeh
(24:19 / Allies) ITS_FRIDAY: yeah
(24:19 / All) TheDayDreamer: gg
(24:21 / Allies) ITS_FRIDAY: becasue you didn't back out
(24:22 / Allies) imaPeon: howd i die?
(24:23 / Allies) ITS_FRIDAY: like i said
(24:24 / All) TheDayDreamer: we got close so gg
(24:28 / Allies) TheDayDreamer: and gj to u guys gg
(24:33 / All) Sophie: you fed my destros lol
(24:43 / All) ITS_FRIDAY: yeah he was being dumb
(25:05 / All) TheDayDreamer: when i leave what u gonna say?
(25:38 / All) ITS_FRIDAY: we could have won
(25:42 / All) ITS_FRIDAY: if my team didnt' feed :P
(25:48 / All) Sophie: lol yeah
(25:49 / All) TheDayDreamer: not really..
(25:53 / All) ITS_FRIDAY: yes really
(26:08 / All) TheDayDreamer: shut up..
(26:12 / All) ITS_FRIDAY: No you
(26:12 / All) ITS_FRIDAY: :D
(26:14 / All) Sophie: no u
(26:18 / All) ITS_FRIDAY: 170-177
(26:20 / All) ITS_FRIDAY: hahahahahaha
(26:23 / All) ITS_FRIDAY: anyway yeah gg